[Event "13th Dolomiti-Forni di Sopra-A 2022"]
[Site "Forni di Sopra"]
[Date "2022.06.16"]
[Round "6.2"]
[White "Basso, Pier Luigi"]
[Black "Bellia, Fabrizio"]
[Result "1-0"]
[ECO "D37"]
[WhiteElo "2570"]
[BlackElo "2418"]
[Annotator "TA"]
[PlyCount "89"]
[EventDate "2022.06.13"]
[EventType "swiss"]
[EventCountry "ITA"]
[SourceTitle "playchess.com"]
[Source "ChessBase"]
[SourceQuality "1"]
[TimeControl "40/5400+30:1800+30"]

1. d4 d5 2. c4 e6 3. Nf3 Nf6 4. Nc3 Be7 5. Bf4 O-O 6. e3 b6 7. cxd5 Nxd5 8. Nxd5 exd5 9. Bd3 c5 10. Ne5 {[%emt 0:00:08] D37: Queen's Gambit Declined: 5 Bf4.} cxd4 11. exd4 ({Of course not} 11. Qh5 g6 12. Qe2 (12. Qh6 Bf6 $17) 12... Bb4+ 13. Kf1 dxe3 14. Qxe3 Bc5 $17) 11... Bb4+ 12. Kf1 {[%emt 0:00:00] The position is equal.} Qf6 {[%emt 0:07:02] [#]} 13. g3 $146 ({Predecessor:} 13. Qh5 h6 14. g3 Nc6 15. Nxc6 Qxc6 16. Kg2 Rd8 17. a3 Bf8 18. Rac1 Qa4 19. Bc7 Re8 20. Be5 Bd7 21. Rc7 Rac8 22. b3 {1-0 (22) Jones,G (2593)-Illner,A (2345) Caleta 2011}) 13... Bd6 14. Kg2 {[%emt 0:00:00] Prevents Bh3+.} Bxe5 15. Qh5 g6 16. Qxe5 (16. Bxe5 {looks sharper.} Qxf2+ 17. Kxf2 gxh5 18. Rhc1) 16... Qxe5 17. dxe5 Bb7 18. h4 Nd7 19. b4 Rfc8 20. Rhc1 Nf8 21. Bd2 Ne6 22. g4 Rxc1 23. Rxc1 Rc8 24. f4 Rxc1 $1 25. Bxc1 $14 {[%emt 0:00:00][%mdl 4096] Endgame KBB-KBN} Ng7 26. b5 {[%emt 0:00:00] White is more active.} (26. f5 $16) 26... Bc8 27. Kf3 h5 28. gxh5 gxh5 29. Ba3 Bg4+ (29... Nf5 $1 $14) 30. Kf2 (30. Ke3 $1 $16) 30... Bf5 {[%emt 0:04:50] Black is now going downhill.} (30... Nf5 $11) 31. Bf1 ({White should try} 31. Bxf5 $18 Nxf5 32. Bd6) 31... Ne6 {[%emt 0:04:53] [#]} (31... Bc2 $16) 32. Bd6 $1 $18 {[%emt 0:00:00] And now Bb8 would win.} Nxf4 {[%emt 0:00:33] [#]} 33. Bb8 $1 Nd3+ $2 (33... d4 34. Bxa7 Nd5) 34. Ke3 Nc5 35. Bxa7 Nd7 (35... Na4 {is tougher.} 36. Kd4 Bd7) 36. Kd4 {[%emt 0:00:00] White is clearly winning.} Be6 37. a4 Kg7 38. Bg2 f6 39. exf6+ Kxf6 40. Bxd5 Ke7 41. Bc6 Bb3 42. a5 bxa5 43. b6 Nxb6 44. Bxb6 a4 45. Ke4 {[%emt 0:28:37] Weighted Error Value: White=0.18 (very precise) /Black=0.40} (45. Bc5+ $142 Kf6 46. Be8) 1-0

[Event "13th Dolomiti-Forni di Sopra-A 2022"]
[Site "Forni di Sopra"]
[Date "2022.06.16"]
[Round "6.3"]
[White "Prraneeth Vuppala"]
[Black "Dardha, Daniel"]
[Result "1/2-1/2"]
[ECO "C41"]
[WhiteElo "2447"]
[BlackElo "2561"]
[Annotator "TA"]
[PlyCount "147"]
[EventDate "2022.06.13"]
[EventType "swiss"]
[EventCountry "ITA"]
[SourceTitle "playchess.com"]
[Source "ChessBase"]
[SourceQuality "1"]
[TimeControl "40/5400+30:1800+30"]

1. e4 d6 2. d4 Nf6 3. Nc3 e5 4. Nf3 Nbd7 5. Bc4 Be7 6. O-O O-O 7. Re1 {[%emt 0:00:41] 7.a4 is more fashionable.} a6 8. a4 b6 {[%emt 0:00:26] C41: Philidor Defence.} 9. h3 Bb7 10. d5 Ne8 {[%emt 0:03:04] [#] White is slightly better.} 11. Be3 $146 ({Predecessor:} 11. b4 Bc8 12. a5 b5 13. Bd3 g6 14. Ne2 Ng7 15. c4 bxc4 16. Bxc4 f5 17. Nc3 {½-½ (34) Anand,V (2779)-Jobava,B (2702) Doha 2016}) 11... g6 12. Qd2 {[%emt 0:10:40] White is much more active.} Ng7 13. Bh6 Kh8 14. Ng5 ({White should try} 14. Rad1 $14) 14... Nf6 $1 $11 15. f4 Ng8 16. Bxg7+ Kxg7 17. Nf3 exf4 18. Ne2 Nf6 19. Nxf4 Nd7 20. Nd3 Bf6 21. Re2 Re8 22. Rf1 Rf8 23. Qf4 Re8 24. g4 {[%emt 0:07:57] With the idea g5.} Kg8 25. g5 Bg7 26. e5 dxe5 (26... b5 {with more complications.} 27. Ba2 Nb6 28. Nd4 Kh8) 27. Nfxe5 (27. Ndxe5 {is more complex.} Nxe5 28. Nxe5 Bxd5 29. Nxf7 Qd7 30. Rd2) 27... Nxe5 (27... Bxe5 {keeps more tension.} 28. Nxe5 Nxe5 29. Rxe5 Rxe5 30. Qxe5 Qd6) 28. Nxe5 Bxe5 29. Rxe5 Rxe5 30. Qxe5 Qd6 31. Qxd6 cxd6 {[%emt 0:00:01][%mdl 4096] Endgame KRB-KRB} 32. Rf6 Rd8 33. h4 Kf8 34. Kf2 Ke7 35. Rf4 Rc8 36. Ke3 h6 37. Bb3 (37. Re4+ $14 Kd7 38. Rf4 (38. gxh6 Rh8 $14)) 37... hxg5 38. hxg5 a5 {[%emt 0:00:21] Against Rb4} 39. Rh4 Kf8 40. Kd4 Re8 (40... Ba6 $11) 41. Rh8+ (41. Bc4 $5 ) 41... Ke7 42. Rh7 Bc8 43. Bc4 Bf5 44. Bb5 Rc8 (44... Rf8 $1 $14) 45. c3 $18 Kf8 (45... Bg4 $16 46. Rh4 Bf5) 46. Bc6 $1 Kg8 47. Rh1 Kg7 48. Re1 {[%emt 0:01:25] Hoping for Kc4.} Bc2 49. b4 Rh8 {[%emt 0:01:09] [#]} 50. Kc4 $1 Rh3 {[%emt 0:00:56] [#]} 51. Kb5 $1 Rxc3 52. bxa5 Rb3+ 53. Ka6 bxa5 54. Kxa5 Rd3 (54... f5 $142) 55. Ra1 {[%emt 0:02:01] aiming for Kb6.} Bb3 $2 (55... Rb3 56. Re1 f5) 56. Kb6 Bxd5 57. Bxd5 Rxd5 {[%emt 0:00:02] KR-KR} 58. a5 Rxg5 59. a6 Rh5 60. a7 Rh8 61. a8=Q Rxa8 62. Rxa8 {[%emt 0:00:00] KR-K3P} Kf6 63. Kc6 Ke5 64. Re8+ Kf4 65. Re1 $2 (65. Kd5 $18 {Threatening mate with Kd4.} g5 66. Kd4 (66. Kxd6 g4 $11)) 65... g5 $1 $11 {[%emt 0:00:00] The position is equal.} 66. Rf1+ Ke3 67. Rg1 f5 68. Kxd6 {[%emt 0:00:28] KR-KPP} f4 69. Ke5 f3 70. Rg3 Ke2 71. Rxg5 f2 72. Rf5 f1=Q 73. Rxf1 Kxf1 74. Ke4 {[%emt 0:02:23] Black defended with fortune.  Weighted Error Value: White=0.08 (flawless) /Black=0.30} 1/2-1/2

[Event "13th Dolomiti-Forni di Sopra-A 2022"]
[Site "Forni di Sopra"]
[Date "2022.06.16"]
[Round "6.4"]
[White "Bernadskiy, Vitaliy"]
[Black "Karttunen, Mika"]
[Result "1-0"]
[ECO "D38"]
[WhiteElo "2636"]
[BlackElo "2488"]
[Annotator "TA"]
[PlyCount "67"]
[EventDate "2022.06.13"]
[EventType "swiss"]
[EventCountry "ITA"]
[SourceTitle "playchess.com"]
[Source "ChessBase"]
[SourceQuality "1"]
[TimeControl "40/5400+30:1800+30"]

1. d4 Nf6 2. c4 e6 3. Nc3 d5 4. Nf3 Bb4 5. Qa4+ Nc6 6. a3 Bxc3+ 7. bxc3 O-O {[%emt 0:00:24] D38: Queen's Gambit Declined: Ragozin Defence (4 Nf3 Bb4).} 8. Bf4 Bd7 9. Qc2 Na5 {[%emt 0:02:23] Black is slightly better.} 10. cxd5 exd5 11. e3 {[%emt 0:00:22] [#]} Re8 $146 ({Predecessor:} 11... Qe8 12. Rb1 Ba4 13. Qf5 Qc8 14. Qxc8 Raxc8 15. Bd3 c5 16. dxc5 Ne4 17. Bxe4 dxe4 {1-0 (26) Alavkin,A (2373)-Kejzar,P (2031) Chess.com INT 2022}) 12. Bd3 Rc8 13. Ne5 Be6 14. O-O h6 {[%emt 0:08:03] Prevents Bg5.} 15. Bg3 c5 16. f4 cxd4 17. exd4 Ne4 18. f5 Bd7 19. Bxe4 dxe4 20. Qa2 $36 {[%emt 0:04:06][%mdl 2048] White has strong initiative. White is more active.} Rf8 (20... Rxe5 $16 21. dxe5 (21. Bxe5 Bb5 $16) 21... Bb5) 21. f6 $1 $18 {[%emt 0:00:33] Hoping for fxg7.} Be6 (21... gxf6 $2 22. Bh4 Qc7 23. Bxf6 $18) 22. Qb2 (22. Qe2 $1 $18 ) 22... g5 (22... gxf6 $2 23. Qd2 (23. Bh4 Qb6 $16) 23... Kh7 24. Bh4 $18) (22... Nc4 $16 {was called for.} 23. Qxb7 Qd5 24. Qxa7 Ra8) 23. h4 {[%emt 0:04:13] Black must now prevent hxg5.} gxh4 (23... Nc4 24. Qe2 (24. Qxb7 Qa5 $14) 24... Kh7 25. Qxe4+ Kh8 26. Nxc4 (26. Qxb7 Nxe5 27. Bxe5 Rg8 $16) 26... Bxc4) 24. Bh2 (24. Bxh4 Kh7 $14) 24... Kh7 $2 (24... h3 25. Qe2 (25. Qd2 Kh7 $17) 25... Nc4 26. Nxc4 (26. Qxe4 Qd5 $17) 26... Qd5) 25. Qe2 Qd5 26. Bf4 {[%emt 0:02:20] White wants to mate with Qh5.} Rg8 {[%emt 0:03:48] [#]} 27. Bxh6 $1 {[%emt 0:02:36][%mdl 576] Decoy} Kxh6 {[%emt 0:01:45] [#]} 28. Qe3+ $1 (28. Rf4 e3 29. Raf1 (29. Rxh4+ Kg5 $15) 29... Rxg2+ 30. Qxg2 Qxg2+ 31. Kxg2 h3+ 32. Kh2 e2 $16) 28... Kh5 {[%emt 0:00:43] [#]} 29. Rf4 $1 {[%emt 0:00:04][%cal Of4h4] White threatens Rxh4+! and mate.} Bg4 (29... h3 $2 30. Qe2+ Kh6 31. Rh4+ Kg5 32. Qf2 $18) (29... Rg4 $18) 30. Raf1 {[%emt 0:00:41] White mates.} ({And not} 30. Rxg4 Rxg4 31. Nxg4 Qg5 32. Qxe4 Qxg4 $11) 30... Rg5 31. Rxg4 Rxe5 32. Rxh4+ {[%emt 0:00:17][%mdl 64] Deflection, Decoy} Kxh4 33. Qh6+ Kg3 34. Qf4# {[%emt 0:00:38] Weighted Error Value: White=0.05 (flawless) /Black=0.46} 1-0

[Event "13th Dolomiti-Forni di Sopra-A 2022"]
[Site "Forni di Sopra"]
[Date "2022.06.16"]
[Round "6.5"]
[White "Korneev, Oleg"]
[Black "Ceres, Dragos"]
[Result "1-0"]
[ECO "C84"]
[WhiteElo "2521"]
[BlackElo "2380"]
[Annotator "TA"]
[PlyCount "73"]
[EventDate "2022.06.13"]
[EventType "swiss"]
[EventCountry "ITA"]
[SourceTitle "playchess.com"]
[Source "ChessBase"]
[SourceQuality "1"]
[TimeControl "40/5400+30:1800+30"]

1. e4 e5 2. Nf3 Nc6 3. Bb5 a6 4. Ba4 Nf6 5. O-O b5 6. Bb3 Bb7 7. d3 Be7 8. Nc3 O-O 9. Bd2 d6 10. Nd5 {[%emt 0:00:13] C84: Closed Ruy Lopez: Unusual White 6th moves.} h6 {[%emt 0:06:35] [#]} (10... Nxd5 $11 11. Bxd5 Rb8) 11. a4 $146 ({Predecessor:} 11. h3 Qd7 12. c4 Nd8 13. Ba5 Ne6 14. Rc1 Rac8 15. a4 Nxd5 16. cxd5 Nc5 17. Bb4 Nxa4 18. Bxa4 bxa4 {1-0 (54) Klimakovs,S (2300)-Yatzenko,A (2356) Chess.com INT 2017}) 11... Qd7 12. h3 {[%emt 0:04:25] White is slightly better.} (12. Ne3 {is interesting.} Rfc8 13. Nf5 Bf8 14. N3h4) 12... Rfb8 13. Re1 Bd8 14. c3 Na5 15. Nxf6+ Bxf6 16. Bc2 c5 17. Nh2 Bg5 (17... Qd8 $11 {remains equal.}) 18. Bxg5 $16 {[%emt 0:01:10] White stays focused until the end.} hxg5 19. Qh5 b4 20. Qxg5 f6 21. Qg3 bxc3 22. bxc3 Bc6 (22... Bc8 $16 {is a better defense.} 23. Ng4 Qd8) 23. Ng4 $18 {[%emt 0:01:25] Black must now prevent Nxf6+.} Kf7 24. Ne3 Rb2 25. Bd1 Rh8 26. Bg4 ({Don't take} 26. Nf5 $6 g6 $16) 26... Qd8 27. Bf5 Rh6 (27... Rb3 $142 28. Rec1 Rb2) 28. Rab1 Ra2 (28... Rxb1 29. Rxb1 Be8) 29. Qg4 {[%emt 0:05:00] aiming for Be6+.} Qe7 {[%emt 0:03:11] Against Be6+} 30. Nd5 Bxd5 31. exd5 g6 {[%emt 0:01:05] [#]} 32. Rb8 $1 {[%emt 0:01:12][%cal Oe1b1] Threatens to win with Reb1!} Kg7 (32... Nb7 33. Be6+) 33. Reb1 {[%emt 0:00:28][%cal Of5g6] White threatens Bxg6! and mate.} c4 {[%emt 0:01:11] [#]} 34. Bxg6 $1 {[%emt 0:00:46][%mdl 512] White mates.} Rxg6 {[%emt 0:01:35] [#]} (34... f5 35. Bxf5+) 35. Rg8+ $3 {[%emt 0:00:08][%mdl 576] Skewer, Deflection, Decoy} Kxg8 36. Qxg6+ Qg7 37. Rb8# {[%emt 0:00:04] Weighted Error Value: White=0.10 (very precise) /Black=0.66} 1-0

[Event "13th Dolomiti-Forni di Sopra-A 2022"]
[Site "Forni di Sopra"]
[Date "2022.06.16"]
[Round "6.6"]
[White "Cappelletto, Joshuaede"]
[Black "Ceschia, Ivano"]
[Result "1-0"]
[ECO "B48"]
[WhiteElo "2276"]
[BlackElo "2252"]
[Annotator "NA RC"]
[PlyCount "29"]
[EventDate "2022.06.13"]
[EventType "swiss"]
[EventCountry "ITA"]
[SourceTitle "playchess.com"]
[Source "ChessBase"]
[SourceQuality "1"]
[TimeControl "40/5400+30:1800+30"]

1. e4 c5 2. Nf3 Nc6 3. Nc3 e6 4. d4 cxd4 5. Nxd4 Qc7 6. Be3 Nf6 7. Qf3 d6 8. O-O-O a6 9. h3 Ne5 10. Qe2 b5 11. f4 b4 12. fxe5 dxe5 13. Ndb5 axb5 14. Nxb5 Qc6 15. Qc4 1-0

[Event "13th Dolomiti-Forni di Sopra-A 2022"]
[Site "Forni di Sopra"]
[Date "2022.06.16"]
[Round "6.7"]
[White "Podetti, Davide"]
[Black "Goh, Zi Han"]
[Result "1/2-1/2"]
[ECO "B52"]
[WhiteElo "2238"]
[BlackElo "2087"]
[Annotator "NA RC"]
[PlyCount "53"]
[EventDate "2022.06.13"]
[EventType "swiss"]
[EventCountry "ITA"]
[SourceTitle "playchess.com"]
[Source "ChessBase"]
[SourceQuality "1"]
[TimeControl "40/5400+30:1800+30"]

1. e4 c5 2. Nf3 d6 3. Bb5+ Bd7 4. Bxd7+ Qxd7 5. O-O Nf6 6. Qe2 Nc6 7. c3 e6 8. d4 cxd4 9. cxd4 d5 10. e5 Ne4 11. Rd1 Be7 12. Ne1 f6 13. f3 Ng5 14. Bxg5 fxg5 15. Nc3 O-O 16. Qe3 Rf4 17. Ne2 Rf5 18. Rac1 Raf8 19. Nd3 Qd8 20. Nc5 Bxc5 21. Rxc5 Qb6 22. b3 h6 23. h3 R5f7 24. Rdc1 Qb4 25. Qd3 a6 26. Kh1 Re7 27. Kh2 1/2-1/2

[Event "13th Dolomiti-Forni di Sopra-A 2022"]
[Site "Forni di Sopra"]
[Date "2022.06.16"]
[Round "6.8"]
[White "Vezzosi, Paolo"]
[Black "Higatsberger, Michael"]
[Result "1-0"]
[ECO "D33"]
[WhiteElo "2225"]
[BlackElo "2046"]
[Annotator "NA RC"]
[PlyCount "43"]
[EventDate "2022.06.13"]
[EventType "swiss"]
[EventCountry "ITA"]
[SourceTitle "playchess.com"]
[Source "ChessBase"]
[SourceQuality "1"]
[TimeControl "40/5400+30:1800+30"]

1. c4 e6 2. Nc3 d5 3. d4 c5 4. cxd5 exd5 5. Nf3 Nc6 6. g3 Nf6 7. Bg2 cxd4 8. Nxd4 Bc5 9. Nb3 Bb6 10. O-O d4 11. Na4 O-O 12. Nxb6 axb6 13. Qd3 Be6 14. Bd2 Ra4 15. Rfc1 Qa8 16. a3 Rd8 17. Bg5 Ne5 18. Qb5 Nc4 19. Bxf6 gxf6 20. Bxb7 Qa7 21. Bc6 Nxb2 22. Nd2 1-0

[Event "13th Dolomiti-Forni di Sopra-A 2022"]
[Site "Forni di Sopra"]
[Date "2022.06.16"]
[Round "6.9"]
[White "Molina, Fabrizio"]
[Black "Harshita Guddanti"]
[Result "0-1"]
[ECO "A25"]
[WhiteElo "2124"]
[BlackElo "2208"]
[Annotator "NA RC"]
[PlyCount "50"]
[EventDate "2022.06.13"]
[EventType "swiss"]
[EventCountry "ITA"]
[SourceTitle "playchess.com"]
[Source "ChessBase"]
[SourceQuality "1"]
[TimeControl "40/5400+30:1800+30"]

1. c4 e5 2. g3 Nc6 3. Bg2 f5 4. Nc3 Nf6 5. d3 Bb4 6. a3 Bxc3+ 7. bxc3 O-O 8. Nf3 Qe8 9. Bg5 d6 10. Bxf6 Rxf6 11. Nd2 Bd7 12. c5 Nd8 13. cxd6 cxd6 14. Bd5+ Kh8 15. O-O Bc6 16. Qb3 Qh5 17. Rfe1 f4 18. Bxc6 bxc6 19. Qb4 Ne6 20. Rab1 Raf8 21. Qxd6 fxg3 22. fxg3 Rf2 23. Nf1 Qh3 24. Qxc6 Ng5 25. Qh1 Qxf1+ 0-1

[Event "13th Dolomiti-Forni di Sopra-A 2022"]
[Site "Forni di Sopra"]
[Date "2022.06.16"]
[Round "6.10"]
[White "Vezzani, Stefano"]
[Black "Kozlovic, Jernej"]
[Result "1/2-1/2"]
[ECO "A07"]
[WhiteElo "2135"]
[BlackElo "2005"]
[Annotator "NA RC"]
[PlyCount "45"]
[EventDate "2022.06.13"]
[EventType "swiss"]
[EventCountry "ITA"]
[SourceTitle "playchess.com"]
[Source "ChessBase"]
[SourceQuality "1"]
[TimeControl "40/5400+30:1800+30"]

1. Nf3 d5 2. g3 Nf6 3. Bg2 c6 4. O-O Bf5 5. d3 e6 6. Nbd2 h6 7. Qe1 Bh7 8. e4 Nbd7 9. e5 Ng8 10. Qe2 Bc5 11. d4 Bb6 12. c4 dxc4 13. Nxc4 Bc7 14. b3 Ne7 15. Ba3 O-O 16. Nfd2 Re8 17. Ne4 Bxe4 18. Qxe4 Nb6 19. Rfd1 Nbd5 20. Rac1 a5 21. Nd6 Bxd6 22. Bxd6 a4 23. Qc2 1/2-1/2

[Event "13th Dolomiti-Forni di Sopra-A 2022"]
[Site "Forni di Sopra"]
[Date "2022.06.16"]
[Round "6.11"]
[White "Caruso, Augusto"]
[Black "Pozzari, Simone"]
[Result "0-1"]
[ECO "B90"]
[WhiteElo "2127"]
[BlackElo "2184"]
[Annotator "TA"]
[PlyCount "108"]
[EventDate "2022.06.13"]
[EventType "swiss"]
[EventCountry "ITA"]
[SourceTitle "playchess.com"]
[Source "ChessBase"]
[SourceQuality "1"]
[TimeControl "40/5400+30:1800+30"]

1. e4 c5 2. Nf3 d6 3. d4 cxd4 4. Nxd4 Nf6 5. Nc3 a6 6. h3 e5 7. Nde2 b5 8. g4 {[%emt 0:00:33] 8.Ng3 is the hot move. B90: Sicilian Najdorf: Unusual White 6th moves, 6 Be3 Ng4 and 6 Be3 e5.} Bb7 9. Bg2 h6 10. Be3 {[%emt 0:06:48] White is slightly better.} Nbd7 11. a4 b4 12. Nd5 Nxd5 13. exd5 {[%emt 0:00:10] [#]} a5 $146 ({Predecessor:} 13... Be7 14. a5 Rb8 15. Ng3 g6 16. Qd2 Bc8 17. b3 Rb5 18. O-O Bh4 19. Bxh6 Nc5 {1-0 (57) Vatter,H (2278)-Dinger,F (2360) Germany 2015}) 14. O-O ({Better is} 14. Ng3 $11) 14... Be7 ({Black should play} 14... Ba6 $1 $15) 15. Ng3 $11 O-O 16. Nf5 Re8 17. Qd2 Bf8 18. g5 (18. Rfc1 $11) 18... hxg5 19. Bxg5 Qc7 20. Rfe1 Nb6 $2 {[%emt 0:04:43][%mdl 8192] [#]} (20... f6 $17 {stays on course.} 21. Be3 g6) 21. Rad1 $2 (21. Bf6 $1 $18 Bxd5 (21... Nxd5 22. Bxd5) 22. Nxg7) 21... Nxa4 $2 {[%emt 0:02:51][%mdl 8192] [#]} (21... Bc8 $1 $17 22. Nd4 Nxa4) 22. Qe2 $4 (22. Bf6 $1 $18 {[%mdl 512] was the only winning move.} gxf6 (22... Nc5 23. Qg5) 23. Qe2) 22... Bc8 23. Be4 (23. Ng3 $142) 23... Nc5 24. Qf3 a4 $2 {[%emt 0:14:32] [#]} ({Black should try} 24... Qd7 $19 25. Ng3 Nxe4 26. Nxe4 Qxh3 27. Qxh3 Bxh3) 25. Nh6+ $1 gxh6 26. Bf6 {[%emt 0:00:21] White wants to mate with Qg2+.} Nxe4 27. Rxe4 {[%emt 0:03:15][%cal Oe4g4] White threatens Rg4+! and mate.} Qd7 (27... Qxc2 $5 28. Kh2 Kh7 $11) 28. Kh2 (28. Rg4+ $11 {keeps the balance.} Qxg4+ 29. hxg4) 28... Qf5 29. Rg1+ Kh7 30. Qg3 {[%emt 0:00:22][%csl Gg1][%cal Rg3g8] [#]} Qxh3+ $1 31. Qxh3 Bxh3 32. Kxh3 Be7 33. Bxe7 Rxe7 34. Rxb4 $17 {[%emt 0:00:02][%mdl 4096] Endgame KRR-KRR} Rc7 35. c4 a3 36. Ra1 (36. bxa3 $17 Rxa3+ 37. Rg3 Rxg3+ 38. Kxg3) 36... Rca7 $2 (36... a2 $19 {...Kg6 is the strong threat.} 37. b3 Rca7) 37. b3 (37. Rxa3 $15 Rxa3+ 38. bxa3) 37... Ra6 38. Ra2 Kg6 39. Rb7 f5 40. b4 Rc8 {[%emt 0:01:40] Prevents c5.} 41. b5 (41. c5 $142 dxc5 42. b5) 41... Ra5 $19 42. Rd7 Rxc4 {[%emt 0:00:06] aiming for ...Rc3+.} 43. Rxd6+ Kg5 44. Rc6 $2 (44. Rb6) 44... Rxc6 45. dxc6 Rxb5 46. Rxa3 {[%emt 0:00:00] KR-KR} Rc5 47. Ra6 Kf4 48. Kg2 h5 {[%emt 0:00:21][%cal Bh6h5,Bh5h4,Bh4h3][%mdl 32] White must now prevent ...h4.} 49. Rb6 h4 50. Ra6 e4 {[%emt 0:00:33] ( -> ...Rc3)} 51. Rb6 Rc3 52. Ra6 h3+ 53. Kh2 Kf3 54. Ra5 f4 {[%emt 0:00:21] Black used his chance.  Weighted Error Value: White=1.06/Black=0.38} 0-1

[Event "13th Dolomiti-Forni di Sopra-A 2022"]
[Site "Forni di Sopra"]
[Date "2022.06.16"]
[Round "6.12"]
[White "Lavorgna, Giovanni"]
[Black "Fiorido, Giuseppe"]
[Result "0-1"]
[ECO "E01"]
[WhiteElo "1834"]
[BlackElo "2002"]
[Annotator "TA"]
[PlyCount "98"]
[EventDate "2022.06.13"]
[EventType "swiss"]
[EventCountry "ITA"]
[SourceTitle "playchess.com"]
[Source "ChessBase"]
[SourceQuality "1"]
[TimeControl "40/5400+30:1800+30"]

1. d4 d5 2. Nf3 Nf6 3. c4 e6 4. g3 Bd6 5. Bg2 c6 6. Nc3 O-O 7. O-O Nbd7 8. Nd2 Bb4 {[%emt 0:09:57] E01: Catalan: Early deviations.} 9. e4 Bxc3 10. bxc3 dxe4 {[%emt 0:00:27] White is slightly better.} 11. Nxe4 Nxe4 12. Bxe4 Qa5 {[%emt 0:00:11] [#]} 13. Qd3 $146 ({Predecessor:} 13. Qc2 Nf6 14. Bg2 e5 15. Bg5 exd4 16. Bxf6 d3 17. Qxd3 gxf6 18. Rfe1 Be6 19. Qd4 {0-1 (28) Radovanovic,J (2333)-Muratovic,E (2369) Kragujevac 2015}) 13... Nf6 14. Bg2 Rd8 15. Re1 h6 (15... e5 $14) 16. Bf4 $16 Bd7 17. Rab1 Qa6 18. Bf1 {[%emt 0:05:19] A strong pair of Bishops.} ({Better is} 18. Qd2) 18... c5 19. Qd2 Bc6 {[%emt 0:04:50] [#]} (19... Rac8 $16) 20. Bxh6 $1 Be4 $1 $14 (20... gxh6 $2 21. Qxh6 Be4 22. Qxf6 Bxb1 23. Rxb1 $16) 21. Qg5 Bg6 22. Rbd1 {[%emt 0:06:40] [#]} Nh7 $1 $17 (22... Nd7 $6 23. dxc5 gxh6 24. Qe7 $14) 23. Qf4 gxh6 24. Qxh6 Qd6 25. Bd3 Qf8 26. Qf4 Qg7 27. Bxg6 Qxg6 28. d5 ({White should try} 28. h4) 28... Ng5 {[%emt 0:04:16] Threatens to win with ...Nh3+.} 29. Kg2 {[%emt 0:01:01] [#] Inhibits Nh3.} Qf5 $1 30. Qxf5 exf5 31. Re7 b6 ({Worse is} 31... Ne4 32. Rxb7 Nd6 33. Rc7 $15) 32. Re5 (32. f3 $17) 32... Ne4 33. Rxf5 Nxc3 34. Rd3 Ne4 ({And not} 34... Nxa2 35. Rdf3 $17) 35. Rdf3 Nd6 36. Rg5+ Kf8 37. Rf4 Ke7 38. h4 Rg8 39. Re5+ Kd7 40. Re3 (40. g4 $142) 40... Rge8 41. Ref3 $2 (41. g4 {keeps fighting.}) 41... Re2 $19 42. a3 Rae8 43. Rf6 (43. g4 {was called for.}) 43... R2e4 44. R6f4 Re2 45. Rf6 $1 R2e4 46. R6f4 $1 Re2 47. Rf6 $1 R2e4 48. R6f4 $1 Re2 49. Rf6 $1 R2e4 $2 {[%emt 0:00:00][%mdl 32768] Weighted Error Value: White=0.22 (precise) /Black=0.56. Loss on time!?} ({Avoid the trap} 49... Nxc4 $2 50. Rxf7+ Kd6 51. R3f6+ Ke5 52. Kf1 Kxd5 53. Rxa7 $19) (49... Rc2 $19 50. Rh6 Rf8) 0-1

[Event "13th Dolomiti-Forni di Sopra-A 2022"]
[Site "Forni di Sopra"]
[Date "2022.06.16"]
[Round "6.13"]
[White "Tonel, Giulia"]
[Black "Candian, Lorenzo"]
[Result "0-1"]
[ECO "A00"]
[WhiteElo "1964"]
[BlackElo "2048"]
[Annotator "NA RC"]
[PlyCount "56"]
[EventDate "2022.06.13"]
[EventType "swiss"]
[EventCountry "ITA"]
[SourceTitle "playchess.com"]
[Source "ChessBase"]
[SourceQuality "1"]
[TimeControl "40/5400+30:1800+30"]

1. e4 d5 2. Nc3 d4 3. Nce2 c5 4. d3 Nc6 5. f4 e5 6. Nf3 Bd6 7. f5 Bd7 8. a4 Qc7 9. g4 g6 10. Ng3 O-O-O 11. Bg2 h5 12. gxh5 gxf5 13. Ng5 Nh6 14. exf5 f6 15. N5e4 Nxf5 16. Nxf5 Bxf5 17. O-O Bxe4 18. Bxe4 Rdf8 19. Qg4+ Kb8 20. Kh1 Ne7 21. Bd2 Rhg8 22. Qe6 f5 23. Bf3 e4 24. dxe4 Bxh2 25. e5 Bxe5 26. Rae1 Bd6 27. Bf4 Nc8 28. Bh6 Qd8 0-1